 Dungeon Sprint DCSS version 0.28.0-53-g5a82cb258f (webtiles) character file.

Game seed: 16145805331272461391

49 Descartes the Ruffian (level 3, -4/40 HPs)
             Began as a Troll Monk on June 27, 2022.
             Drowned by a water elemental (6 damage)
             ... in the Dungeon (Sprint III: "The Ten Rune Challenge").
             The game lasted 00:00:38 (125 turns).

Descartes the Ruffian (Troll Monk)                   Turns: 125, Time: 00:00:39

Health: -4/40      AC:  4    Str: 21    XL:     3   Next: 53%
Magic:  2/2        EV: 10    Int:  6    God:
Gold:   38         SH:  0    Dex: 12    Spells: 2/2 levels left

rFire   . . .      SeeInvis .     - Unarmed
rCold   . . .      Faith    .   (no shield)
rNeg    . . .      Spirit   .   a - +0 robe
rPois   .          Reflect  .   (helmet restricted)
rElec   .          Harm     .   (no cloak)
rCorr   .          Rampage  .   (gloves unavailable)
Will    .....      NoTele   +   (boots unavailable)
Stlth   ++........              (no amulet)
HPRegen 0.93/turn               (no ring)
MPRegen 0.08/turn               (no ring)

@: engulfed (cannot breathe)
A: large, unfitting armour, claws 3, regeneration 1, shaggy fur 1, tough skin 1
a: no special abilities


You were in the Dungeon.
You visited 1 branch You collected 38 gold pieces.

Inventory:

Missiles
 h - 2 poisoned darts (quivered)
Armour
 a - a +0 robe (worn)
Scrolls
 g - a scroll of blinking
 j - a scroll of holy word {unknown}
 k - 3 scrolls of identify
 m - a scroll of torment {unknown}
Potions
 b - 2 potions of curing
 c - a potion of heal wounds
 d - a potion of haste
 e - 2 potions of magic
 f - a potion of berserk rage
 i - 3 potions of mutation {unknown}
 l - a potion of lignification {unknown}
 n - a potion of cancellation {unknown}
 o - a potion of flight {unknown}


   Skills:
 + Level 4.6 Fighting
 - Level 2.4 Dodging
 - Level 1.0 Stealth
 + Level 6.0 Unarmed Combat


You had 2 spell levels left.
You didn't know any spells.
Your spell library was empty.

Dungeon Overview and Level Annotations

Branches:
Dungeon (1/1)

Altars:


Innate Abilities, Weirdness & Mutations

You are too large for most types of armour.
You have claws for hands.
Your natural rate of healing is unusually fast.
You are covered in fur. (AC +1)
You have tough skin. (AC +1)


Message History

i - 2 fuming blue potions;
j - a scroll labelled RET WACLUPO
k - 2 scrolls of identify;
l - a golden potion
b - 2 potions of curing (gained 1)
i - 3 fuming blue potions (gained 1);
m - a scroll labelled FAETIDGH PIESI
k - 3 scrolls of identify (gained 1);
n - a coppery potion
o - a glowing purple potion
There is an open door here.
You open the door.
A water elemental comes into view.
There is an open door to the Ecumenical Temple here.
You scratch the water elemental but do no damage.
The water elemental hits you!
You scratch the water elemental.
The water elemental is moderately damaged.
The water elemental hits you!
The water elemental engulfs you in water!
You are too injured to fight recklessly!
You are too injured to fight recklessly!
You are too injured to fight recklessly!
You are too injured to fight recklessly!
You are too injured to fight recklessly!
You are too injured to fight recklessly!
You are too injured to fight recklessly!
You are too injured to fight recklessly!
You are too injured to fight recklessly!
You are too injured to fight recklessly!
You are too injured to fight recklessly!
You are too injured to fight recklessly!
You are too injured to fight recklessly!
You are too injured to fight recklessly!
You are too injured to fight recklessly!
You scratch the water elemental but do no damage.
The water elemental is moderately damaged.
* * * LOW HITPOINT WARNING * * *
Your lungs strain for air!
The water elemental hits you!
* * * LOW HITPOINT WARNING * * *
You scratch the water elemental.
The water elemental is moderately damaged.
You die...

▓▓▓▓▓▓▓▓▓▓ ▓▓▓
.#..'....♣♣♣ ♣.#
.#..#......♣ ♣♣.#
'####.....♣♣ ♣..#
....#....≈.♣♣♣♣.###+#+##
...†#...≈≈♣...♣.#.......
....#..≈≈≈≈..♣..@.⌠.....
###'#..≈≈≈≈≈≈♣..#E..####
....#.≈≈≈≈≈≈....#.⌠.#
....#.≈≈≈≈≈.....#...#
...)#.≈≈≈.......#+###
#####...........#
................#
▓▓▓▓▓▓▓▓▓▓▓▓▓▓▓▓▓


You could see a water elemental.

Vanquished Creatures
  Jessica (D)
  A human (D)
  A phantom (D)
  An endoplasm (D)
  2 rats (D)
6 creatures vanquished.

Vanquished Creatures (others)
  A plant (D)
1 creature vanquished.

Grand Total: 7 creatures vanquished

Notes
Turn   | Place    | Note
-------+----------+-------------------------------------------
     0 | D        | Descartes the Troll Monk began the quest for the Orb.
     0 | D        | Reached XP level 1. HP: 22/22 MP: 0/0
    12 | D        | Noticed Jessica
    21 | D        | Killed Jessica
    22 | D        | Reached skill level 5 in Unarmed Combat
    22 | D        | Reached XP level 2. HP: 31/32 MP: 1/1
    22 | D        | Reached XP level 3. HP: 38/39 MP: 2/2
    74 | D        | Reached skill level 6 in Unarmed Combat
   120 | D        | Noticed a water elemental
   124 | D        | HP: 2/40 [water elemental (8)]
   125 | D        | Drowned by a water elemental

Illustrated notes

Levels and vault maps discovered:
D:        dungeon_sprint_mu [sprint_mu_entry_forest, sprint_mu_temple_rooms,
          sprint_mu_d1_spiders, sprint_mu_d2_genie, sprint_mu_d3_branching,
          sprint_mu_orc_legion, sprint_mu_elf_gauntlet, sprint_mu_hive_nellie,
          sprint_mu_lair_fedhas, sprint_mu_vaults_butterflies,
          sprint_mu_slime_circle, sprint_mu_swamp_cave, sprint_mu_shoals_archi,
          sprint_mu_blade_basic, sprint_mu_crypt_fortress,
          sprint_mu_tomb_spiral, sprint_mu_vestibule_basic,
          sprint_mu_gehenna_hellfire, sprint_mu_dis_giant,
          sprint_mu_tartarus_statrot, sprint_mu_cocytus_islands, sprint_mu_zot1]

Skill      XL: |  1  2  3 |
---------------+----------+-----
Fighting       | 4 |  4.6
Unarmed Combat | 5 6 |  6.0
Dodging        | |  2.4
Stealth        | |  1.0

Action                   || total
-------------------------++-------
Melee: Unarmed           ||    27
 Stab: Sleeping          ||     3
Armor: Robe              ||     3
Dodge: Dodged            ||     7
